 Dungeon Crawl Stone Soup version 0.23-b1-67-g8bd44de (webtiles) character file.

Game seed: 3519509917073400795

1617602 poxu the Conqueror (level 27, 273/273 HPs)
             Began as a Minotaur Fighter on Feb 2, 2019.
             Was the Champion of Okawaru.
             Escaped with the Orb
             ... and 3 runes on Feb 6, 2019!
             The game lasted 05:35:35 (79756 turns).

poxu the Conqueror (Minotaur Fighter)              Turns: 79756, Time: 05:35:35

Health: 273/273    AC: 50    Str: 32    XL:     27
Magic:  33/33      EV: 19    Int: 16    God:    Okawaru [******]
Gold:   6324       SH: 17    Dex: 18    Spells: 26/26 levels left

rFire    + + +     SeeInvis .   L - +3 broad axe (drain)
rCold    + + +     Gourm    .   C - +1 shield {rN+}
rNeg     + + +     Faith    .   Z - +9 gold dragon scales
rPois    +         Spirit   +   y - +2 hat of Kobrer {rN++}
rElec    +         Reflect  .   A - +0 cloak "Deuppi" {+Inv rPois rC+ Dex+6}
rCorr    .         Harm     .   x - +5 pair of gloves of Boikagim {rElec Regen+ Int+8}
MR       ++++.     Clarity  +   T - +1 pair of boots {run}
Stlth    ..........             j - amulet "Xibootant" {Spirit rF+ rC+}
HPRegen  0.95/turn              Y - ring "Lefod" {+Blink MR+ Int+3}
MPRegen  0.23/turn              n - ring "Dipebavi" {rElec rF+ MR+}

@: studying Staves, quick
A: retaliatory headbutt, horns 2, clarity, mutation resistance 1, sense
surroundings 1, wild magic 1, no potion heal 1
0: Orb of Zot
}: 3/15 runes: barnacled, silver, gossamer
a: Heroism, Finesse, Renounce Religion, Evoke Blink, Evoke Invisibility


You escaped.
You worshipped Okawaru.
Okawaru was exalted by your worship.
You were full.

You visited 10 branches of the dungeon, and saw 50 of its levels.
You visited the Abyss 1 time.
You also visited: Ossuary, Volcano and Desolation.

You collected 6860 gold pieces.
You spent 536 gold pieces at shops.

Inventory:

Hand Weapons
 p - the +7 broad axe of Woanu {flame, *Noise +Inv SInv}
   (Okawaru gifted it to you on level 2 of the Vaults)

   It has been specially enchanted to burn those struck by it, causing extra
   injury to most foes and up to half again as much damage against particularly
   susceptible opponents.
   Big, fiery blades are also staple armaments of hydra-hunters.
   It lets you see invisible.
   It lets you turn invisible.
   It may make noises in combat.
 L - a +3 broad axe of draining (weapon)
 O - the +7 longbow of Supply {freeze, rElec rPois Dex+3}
   (Okawaru gifted it to you on level 6 of the Lair of Beasts)

   It causes projectiles fired from it to freeze those they strike, causing
   extra injury to most foes and up to half again as much damage against
   particularly susceptible opponents.
   They can also slow down cold-blooded creatures.
   It affects your dexterity (+3).
   It insulates you from electricity.
   It protects you from poison.
 X - a +1 hunting sling of flaming
Missiles
 m - 1530 arrows
Armour
 v - the +1 pair of gloves of the Maze {Dex+2 Slay-3 SInv}
   (Okawaru gifted it to you on level 14 of the Dungeon)

   It affects your dexterity (+2).
   It affects your accuracy and damage with ranged weapons and melee attacks
   (-3).
   It lets you see invisible.
 x - the +5 pair of gloves of Boikagim (worn) {rElec Regen+ Int+8}
   (You found it on level 3 of the Elven Halls)

   It affects your intelligence (+8).
   It insulates you from electricity.
   It increases your rate of regeneration.
 y - the +2 hat of Kobrer (worn) {rN++}
   (Okawaru gifted it to you on level 2 of the Shoals)

   It greatly protects you from negative energy.
 A - the +0 cloak "Deuppi" (worn) {+Inv rPois rC+ Dex+6}
   (Okawaru gifted it to you on level 2 of the Spider Nest)

   It affects your dexterity (+6).
   It protects you from cold.
   It protects you from poison.
   It lets you turn invisible.
 C - a +1 shield of positive energy (worn)
 J - the +1 pair of boots "Ammun" {+Fly MP-9 Str+9 Slay+3}
   (You found it on level 5 of the Vaults)

   It affects your strength (+9).
   It affects your accuracy and damage with ranged weapons and melee attacks
   (+3).
   It affects your magic capacity (-9).
   It lets you fly.
 T - a +1 pair of boots of running (worn)
 Z - +9 gold dragon scales (worn)
Jewellery
 d - the ring of Circularity {+Blink +Inv rF+ rC- Str-4}
   (You found it on level 1 of the Shoals)

   [ring of protection from fire]

   It affects your strength (-4).
   It protects you from fire.
   It makes you vulnerable to cold.
   It lets you turn invisible.
   It lets you blink.
 j - the amulet "Xibootant" (around neck) {Spirit rF+ rC+}
   (You found it on level 2 of the Depths)

   [amulet of guardian spirit]

   It causes incoming damage to be split between your health and magic.
   It protects you from fire.
   It protects you from cold.
 n - the ring "Dipebavi" (right hand) {rElec rF+ MR+}
   (You found it in the Desolation of Salt)

   [ring of protection from fire]

   It protects you from fire.
   It insulates you from electricity.
   It affects your resistance to hostile enchantments.
 H - an uncursed amulet of rage
 R - an uncursed ring of ice
 V - the ring of the Iron Devil {rF+ rC+ Str+4}
   (You found it on level 5 of the Vaults)

   [ring of protection from fire]

   It affects your strength (+4).
   It protects you from fire.
   It protects you from cold.
 Y - the ring "Lefod" (left hand) {+Blink MR+ Int+3}
   (You found it in the Desolation of Salt)

   [ring of protection from magic]

   It affects your intelligence (+3).
   It affects your resistance to hostile enchantments.
   It lets you blink.
Wands
 b - a wand of polymorph (77)
 h - a wand of random effects (35)
 r - a wand of paralysis (20)
 u - a wand of digging (14)
 K - a wand of iceblast (39)
 M - a wand of scattershot (7)
 Q - a wand of acid (48)
 U - a wand of enslavement (17)
 W - a wand of disintegration (40)
Scrolls
 i - 17 scrolls of identify
 l - 10 scrolls of fog
 t - 4 scrolls of blinking
 w - 12 scrolls of remove curse
 z - 17 scrolls of teleportation
 E - 9 scrolls of magic mapping
 I - 2 scrolls of silence
 P - 8 scrolls of fear
Potions
 e - 7 potions of agility
 g - 3 potions of might
 k - a potion of invisibility
 q - 10 potions of haste
 s - 25 potions of curing
 F - 6 potions of cancellation
 G - 3 potions of resistance
 S - 5 potions of flight
Books
 a - a manual of Staves
Miscellaneous
 c - a lamp of fire
 B - a lightning rod (4/4)
 N - a fan of gales
Comestibles
 f - 65 rations


   Skills:
 O Level 27 Fighting
 - Level 18.0 Axes
 - Level 19.1 Slings
 - Level 11.0 Bows
 O Level 27 Armour
 + Level 17.1 Dodging
 + Level 16.1 Shields
 - Level 9.2 Invocations
 - Level 15.9 Evocations


You had 26 spell levels left.
You didn't know any spells.
Your spell library contained the following spells:

 Spells                   Type           Power        Failure   Level  Hunger
 Beastly Appendage        Tmut           #.....       82%         1    ##.....
 Confusing Touch          Hex            #.....       82%         1    ##.....
 Corona                   Hex            #......      82%         1    ##.....
 Flame Tongue             Conj/Fire      #....        82%         1    ##.....
 Magic Dart               Conj           #...         82%         1    ##.....
 Sandblast                Erth           #.....       82%         1    ##.....
 Shock                    Conj/Air       #...         82%         1    ##.....
 Sting                    Conj/Pois      #...         82%         1    ##.....
 Summon Butterflies       Summ           #.......     82%         1    ##.....
 Summon Small Mammal      Summ           #...         82%         1    ##.....
 Blink                    Tloc           N/A          91%         2    ###....
 Call Imp                 Summ           #.......     91%         2    ###....
 Corpse Rot               Necr           N/A          91%         2    ###....
 Ensorcelled Hibernation  Hex/Ice        #.....       91%         2    ###....
 Passwall                 Tmut/Erth      #.......     91%         2    ###....
 Poisonous Vapours        Pois/Air       #.....       91%         2    ###....
 Shroud of Golubria       Chrm/Tloc      #.........   91%         2    ###....
 Slow                     Hex            #.......     91%         2    ###....
 Sticks to Snakes         Tmut           #.......     91%         2    ###....
 Sublimation of Blood     Necr           #.........   91%         2    ###....
 Swiftness                Chrm/Air       #.......     91%         2    ###....
 Throw Flame              Conj/Fire      #.....       91%         2    ###....
 Throw Frost              Conj/Ice       #.....       91%         2    ###....
 Call Canine Familiar     Summ           #.......     99%         3    ####...
 Confuse                  Hex            #.......     99%         3    ####...
 Conjure Flame            Conj/Fire      #.......     99%         3    ####...
 Dazzling Spray           Conj/Hex       #.....       99%         3    ####...
 Gell's Gravitas          Tloc           #.........   99%         3    ####...
 Ignite Poison            Fire/Tmut/Pois #.......     99%         3    ####...
 Lesser Beckoning         Tloc           #.........   99%         3    ####...
 Mephitic Cloud           Conj/Pois/Air  #.......     99%         3    ####...
 Recall                   Summ/Tloc      N/A          99%         3    ####...
 Regeneration             Chrm/Necr      #.........   99%         3    ####...
 Spider Form              Tmut/Pois      #.........   99%         3    ####...
 Static Discharge         Conj/Air       #.......     99%         3    ####...
 Stone Arrow              Conj/Erth      #.....       99%         3    ####...
 Summon Guardian Golem    Hex/Summ       #.......     99%         3    ####...
 Teleport Other           Tloc           #.......     99%         3    ####...
 Tukima's Dance           Hex            #.......     99%         3    ####...
 Airstrike                Air            #.........   100%        4    #####..
 Cause Fear               Hex            #.........   100%        4    #####..
 Force Lance              Conj/Tloc      #.......     100%        4    #####..
 Fulminant Prism          Conj/Hex       #.........   100%        4    #####..
 Ice Form                 Ice/Tmut       #.......     100%        4    #####..
 Leda's Liquefaction      Hex/Erth       #.........   100%        4    #####..
 Olgreb's Toxic Radiance  Pois           #.......     100%        4    #####..
 Petrify                  Tmut/Erth      #.......     100%        4    #####..
 Sticky Flame             Conj/Fire      #.......     100%        4    #####..
 Summon Ice Beast         Ice/Summ       #.......     100%        4    #####..
 Summon Lightning Spire   Summ/Air       #.......     100%        4    #####..
 Throw Icicle             Conj/Ice       #.......     100%        4    #####..
 Agony                    Necr           #.......     100%        5    ######.
 Alistair's Intoxication  Tmut/Pois      #.......     100%        5    ######.
 Aura of Abjuration       Summ           #.........   100%        5    ######.
 Blade Hands              Tmut           #.........   100%        5    ######.
 Bolt of Draining         Conj/Necr      #.........   100%        5    ######.
 Bolt of Magma            Conj/Fire/Erth #.........   100%        5    ######.
 Borgnjor's Vile Clutch   Necr/Erth      #.........   100%        5    ######.
 Dispel Undead            Necr           #.......     100%        5    ######.
 Excruciating Wounds      Chrm/Necr      #.........   100%        5    ######.
 Fireball                 Conj/Fire      #.........   100%        5    ######.
 Irradiate                Conj/Tmut      #.........   100%        5    ######.
 Iskenderun's Battlesphe  Conj/Chrm      #.......     100%        5    ######.
 Lee's Rapid Deconstruct  Erth           #.........   100%        5    ######.
 Lightning Bolt           Conj/Air       #.........   100%        5    ######.
 Metabolic Englaciation   Hex/Ice        #.........   100%        5    ######.
 Silence                  Hex/Air        #.........   100%        5    ######.
 Summon Demon             Summ           #.........   100%        5    ######.
 Summon Forest            Summ/Tloc      #.........   100%        5    ######.
 Summon Mana Viper        Hex/Summ       #.......     100%        5    ######.
 Venom Bolt               Conj/Pois      #.........   100%        5    ######.
 Yara's Violent Unravell  Hex/Tmut       #.........   100%        5    ######.
 Bolt of Cold             Conj/Ice       #.........   100%        6    #######
 Bolt of Fire             Conj/Fire      #.........   100%        6    #######
 Darkness                 Hex            #.........   100%        6    #######
 Deflect Missiles         Chrm/Air       #.........   100%        6    #######
 Freezing Cloud           Conj/Ice/Air   #.........   100%        6    #######
 Hydra Form               Tmut           #.........   100%        6    #######
 Ozocubu's Refrigeration  Ice            #.........   100%        6    #######
 Shadow Creatures         Summ           N/A          100%        6    #######
 Simulacrum               Ice/Necr       #.........   100%        6    #######
 Statue Form              Tmut/Erth      #........    100%        6    #######
 Dragon Form              Tmut           #.........   100%        7    #######
 Haunt                    Necr/Summ      #.........   100%        7    #######
 Ring of Flames           Chrm/Fire      #.........   100%        7    #######
 Summon Hydra             Summ           #.........   100%        7    #######
 Borgnjor's Revivificati  Necr           #.........   100%        8    #######
 Death's Door             Chrm/Necr      #.........   100%        8    #######
 Discord                  Hex            #.........   100%        8    #######
 Ignition                 Fire           #.........   100%        8    #######
 Infestation              Necr           #.........   100%        8    #######
 Necromutation            Tmut/Necr      #.........   100%        8    #######
 Passage of Golubria      Tloc           Unusable     N/A         4    N/A

Dungeon Overview and Level Annotations

Branches:
Dungeon (15/15)            Temple (1/1) D:7            Lair (6/6) D:8
 Shoals (4/4) Lair:3       Spider (4/4) Lair:4        Slime (0/5) Lair:6
    Orc (2/2) D:10            Elf (3/3) Orc:2        Vaults (5/5) D:14
  Crypt (0/3) Vaults:2     Depths (5/5) D:15            Zot (5/5) Depths:5

Altars:
Ashenzari
Cheibriados
Dithmenos
Elyvilon
Fedhas
Gozag
Hepliaklqana
Kikubaaqudgha
Makhleb
Nemelex Xobeh
Okawaru
Qazlal
Ru
Sif Muna
Trog
Uskayaw
Vehumet
Wu Jian
Xom
Yredelemnul
Zin
The Shining One
Jiyva

Shops:
D:7 !=   D:12 ?   D:14 (   Orc:2 (*}*   Vaults:1 (   Vaults:2 [[=   Depths:2 =

Portals:
Hell: Depths:1 Depths:2 Depths:3 Depths:4 Depths:5
Abyss: Depths:1 Depths:3 Depths:4
Pandemonium: Orc:2 Depths:3 Depths:4 Depths:5
Ziggurat: Depths:1
Bazaar: Shoals:3 Depths:2
Trove: D:15 (show abyssal rune of Zot)

Annotations:
Lair:5 3 runed translucent doors, Bolunijamo's ghost, journeyman GnFi
Shoals:1 Louise
Elf:2 2 runed translucent doors
Elf:3 1 runed translucent door, Kaobra's ghost, adept GnWz
Depths:1 33 runed doors


Innate Abilities, Weirdness & Mutations

You reflexively headbutt those who attack you in melee.
You have a pair of horns on your head.
You possess an exceptional clarity of mind.
You are somewhat resistant to further mutation.
You passively map a small area around you.
Your spells are a little harder to cast, but a little more powerful.
Potions are less effective at restoring your health.


Message History

You slice the Orb Guardian!!
You kill the Orb Guardian!
Okawaru accepts your kill.
There is a stone staircase leading up here.
You start resting.
A chaos spawn comes into view.
A chaos spawn is nearby!
You climb upwards.
There is a stone staircase leading down here.
There is a stone staircase leading up here.
You see here 2 stones.
You start resting.
Magic restored.
You start resting.
An Ice Fiend comes into view.
You climb upwards.
There is a stone staircase leading down here.
There is a staircase leading out of the dungeon here.
You can't go down here!
You have escaped!

# #.#
#..................##.. #
#.#
#.#####..#..#########.. #
#.###.# #.###............
# #.##..##
##.#.####.#####.# #
#.##..8############.#
##.. #
#.##..............#.#
#... #
#..#..8##...#####.#.#
#..[ # ##.#..##.....#
#.#.# #... #
#..#.###.@.## #.#.# ##.#
# ##.).##.....# #.#.#
###.# #
#...8##...#####.#.###....
#
#...............###.....#
#
#...8##############......
# #......### #.#......# #
#)####...### #.#....... #
#.## ##....## ##.#......#
# #..#
##..#..###..........


There were no monsters in sight!

Vanquished Creatures
  A juggernaut (Depths:4)
  4 orbs of fire
  8 ancient liches
  Boris (Vaults:5)
  Frederick (Vaults:2)
  6 Killer Klowns
  Xtahua (Vaults:4)
  3 curse toes (Zot:4)
  2 caustic shrikes (Depths:5)
  15 golden dragons
  Nikola (Spider:3)
  the Enchantress (Depths:1)
  A bone dragon (Vaults:2)
  A Tzitzimitl (D:3)
  Arachne (Spider:3)
  3 electric golems
  The ghost of abarbat the Executioner, an adept MiBe of Trog (Vaults:2)
  Jorgrun (Spider:3)
  15 tentacled monstrosities
  4 liches
  28 Orb Guardians
  2 deep elf master archers (Elf:3)
  2 deep elf blademasters (Elf:3)
  2 titans (Vaults:4)
  6 quicksilver dragons
  7 death cobs
  4 krakens
  6 sphinxes
  7 shadow dragons
  Agnes (Spider:2)
  10 tengu reavers
  Roxanne (Shoals:1)
  10 storm dragons
  5 draconian monks
  Ilsuiw (Shoals:2)
  3 fire giants
  An iron dragon (Vaults:4)
  5 ghost moths
  4 imperial myrmidons (Desolation)
  9 deep elf sorcerers (Elf:3)
  26 vault wardens
  3 draconian knights
  18 frost giants
  A cacodemon (D:15)
  4 emperor scorpions
  3 deep elf elementalists
  4 draconian scorchers
  4 draconian shifters
  7 draconian stormcallers
  11 ironheart preservers
  A juggernaut zombie (Depths:3)
  3 draconian annihilators
  4 spriggan defenders
  15 stone giants
  16 very ugly things
  A reaper (D:15)
  4 war gargoyles
  The ghost of Heezod the Fighter, a journeyman MiBe of Trog (Shoals:1)
  3 entropy weavers
  5 deep elf demonologists
  8 black draconians
  11 green draconians
  A vampire knight (Depths:4)
  Nessos (D:15)
  11 deep elf annihilators (Elf:3)
  4 white draconians
  5 yellow draconians
  A halazid warlock (Desolation)
  5 spark wasps
  12 red draconians
  4 merfolk javelineers
  15 ettins
  7 purple draconians
  A crystal guardian (Desolation)
  4 fire dragons
  7 deep elf death magi
  10 deep elf high priests
  12 merfolk impalers
  9 ragged hierophants (Desolation)
  13 ice dragons
  16 yaktaur captains
  10 servants of whispers (Desolation)
  9 great orbs of eyes
  Erolcha (D:10)
  4 rakshasas
  A hydra (shapeshifter) (D:14)
  11 hydras
  2 catoblepae (Shoals:3)
  28 vault guards
  5 peacekeepers (Desolation)
  4 spriggan air magi
  3 merfolk avatars
  11 centaur warriors
  19 ogre magi
  2 alligator snapping turtles (Shoals:4)
  A tengu warrior (Depths:5)
  9 merfolk aquamancers
  6 deep troll shamans
  21 dancing weapons
  5 deep troll earth magi
  53 two-headed ogres
  2 satyrs
  5 thrashing horrors (Abyss:3)
  5 orc high priests (Orc:2)
  8 death yaks
  4 spriggan berserkers
  12 hell knights
  Sonja (Lair:2)
  2 sun demons
  6 spriggans
  3 salamander mystics (Depths:4)
  5 sixfirhies
  An iron troll (Depths:5)
  16 deep elf knights
  A soul eater (Orc:2)
  A golden dragon zombie (Depths:4)
  6 shadow wraiths
  4 unseen horrors
  4 wizards
  2 tengu zombies
  8 sea snakes
  16 deep trolls
  A shadow demon (Depths:2)
  3 torturous demonspawn
  5 flayed ghosts
  5 starcursed masses
  2 orange crystal statues (Depths:2)
  3 glowing orange brains
  A gelid demonspawn (Orc:2)
  2 infernal demonspawn (Orc:2)
  A lindwurm (Lair:5)
  10 orc knights
  13 deep elf archers
  6 phantasmal warriors
  A wolf spider zombie (D:8)
  8 necromancers
  A fire giant zombie (Depths:4)
  46 ugly things
  5 large abominations
  21 ironbrand convokers
  A human zombie (Vaults:2)
  6 orb spiders
  28 wolf spiders
  27 harpies
  17 manticores
  12 fauns
  10 orc sorcerers
  A shining eye (shapeshifter) (Elf:2)
  9 cyclopes
  63 deep elf magi
  7 salamanders (Depths:4)
  19 merfolk sirens
  4 black mambas
  A guardian serpent (shapeshifter) (Depths:2)
  22 moths of wrath
  19 elephants
  Maurice (Orc:1)
  2 torpor snails (Spider:3)
  2 guardian serpents (Desolation)
  6 vault sentinels
  4 molten gargoyles
  A torpor snail (shapeshifter) (Vaults:5)
  An orange demon (D:15)
  5 water nymphs
  A water nymph (shapeshifter) (Vaults:1)
  A hellion (Depths:4)
  A frost giant skeleton (Depths:3)
  A gargoyle (Volcano)
  26 spiny frogs
  A storm dragon simulacrum (Depths:3)
  2 eyes of devastation (shapeshifter)
  3 kobold demonologists
  13 freezing wraiths
  A rime drake (shapeshifter) (Elf:3)
  73 yaktaurs
  4 rime drakes
  8 demonic crawlers
  6 komodo dragons
  2 ancient zymes (Abyss:2)
  4 hellwings
  A tengu conjurer (Depths:5)
  A troll (shapeshifter) (Depths:3)
  3 red devils
  2 efreet
  19 jumping spiders
  5 trolls
  2 harpy zombies (Shoals:4)
  A meliai (shapeshifter) (Vaults:3)
  A polar bear (Vaults:3)
  15 hornets
  A raiju (Abyss:2)
  38 merfolk
  3 tyrant leeches (Lair:6)
  12 dream sheep
  An iron dragon simulacrum (Depths:4)
  A hippogriff (shapeshifter) (Depths:2)
  A raiju (shapeshifter) (Depths:3)
  3 wind drakes
  63 saltlings (Desolation)
  37 blink frogs
  7 hippogriffs
  29 slime creatures
  9 snapping turtles
  A meliai zombie (D:11)
  2 air elementals
  33 redbacks
  2 wyverns
  33 water elementals
  2 shadows
  2 wraiths (Ossuary)
  11 tarantellas
  2 fire elementals
  A hog (shapeshifter) (Vaults:4)
  38 yaks
  Eustachio (D:4)
  2 fire bats (Volcano)
  4 basilisks
  10 vampire mosquitoes
  Menkaure (D:6)
  3 wargs
  A water moccasin (shapeshifter) (Depths:1)
  15 water moccasins
  9 porcupines
  12 hell hounds
  2 acid dragons
  A human skeleton (Depths:3)
  4 ice beasts
  46 orc warriors
  2 sky beasts
  A necrophage (D:8)
  A hornet zombie (D:8)
  2 phantoms
  An ettin simulacrum (Vaults:2)
  A wolf (shapeshifter) (Vaults:4)
  44 ogres
  18 centaurs
  A tengu (shapeshifter) (Vaults:3)
  37 wolves
  11 crocodiles
  An elf simulacrum (Depths:4)
  8 big kobolds
  2 hippogriff zombies (Shoals:4)
  21 bullfrogs
  Blork the orc (D:6)
  An earth elemental (Elf:1)
  A wyvern zombie (D:14)
  2 wyvern skeletons (D:8)
  A scorpion (shapeshifter) (Vaults:2)
  2 small abominations
  10 killer bees
  5 scorpions
  A human simulacrum (Vaults:2)
  4 howler monkeys
  7 wights
  3 electric eels
  7 centaur zombies
  8 crimson imps
  5 lava snakes (Volcano)
  A bullfrog zombie (D:8)
  9 centaur skeletons
  5 hounds
  3 quasits
  A bullfrog skeleton (D:8)
  A gnoll shaman (D:5)
  26 orc priests
  5 jellies
  22 orc wizards
  2 iguanas
  13 worker ants
  A worker ant zombie (D:10)
  14 adders
  21 gnolls
  10 shadow imps
  An ooze (D:3)
  3 adder zombies
  An adder skeleton (D:4)
  4 worms
  7 leopard geckos
  116 orcs
  7 bats
  2 bat zombies (Shoals:4)
  2 giant cockroaches
  10 goblins
  6 hobgoblins
  18 jackals
  5 quokkas
  A ball python (D:5)
  A ball python skeleton (Ossuary)
  3 frilled lizards
  3 hobgoblin zombies (Ossuary)
  2 jackal skeletons
  A jackal zombie (D:8)
  10 kobolds
  A kobold zombie (Ossuary)
  4 leopard gecko skeletons
  An orc zombie (Ossuary)
  6 rats
  A fungus (Lair:6)
  4 plants
  9 tentacles
2407 creatures vanquished.

Vanquished Creatures (collateral kills)
  A deep elf master archer (Elf:3)
  An ironheart preserver (D:14)
  A deep elf demonologist (Elf:3)
  A demonic crawler (Spider:3)
  A steam dragon (D:15)
  A centaur (D:14)
  A big kobold (D:15)
  A kobold (D:15)
8 creatures vanquished.

Vanquished Creatures (others)
  An Orb Guardian (Zot:5)
  A shadow wraith (Depths:2)
  A manticore (Shoals:4)
  An ugly thing (Vaults:1)
  2 jumping spiders (Spider:3)
  A saltling (Desolation)
  2 redbacks (Spider:3)
  A water elemental (Shoals:3)
  A wight (D:14)
  An orc wizard (D:7)
  A bush (Lair:6)
  15 fungi
  49 plants
  4 starspawn tentacles (Abyss:3)
  23 tentacles
  4 toadstools (D:1)
  2 withered plants (Elf:3)
110 creatures vanquished.

Grand Total: 2525 creatures vanquished

Notes
Turn   | Place    | Note
-------+----------+-------------------------------------------
     0 | D:1      | poxu the Minotaur Fighter began the quest for the Orb.
     0 | D:1      | Reached XP level 1. HP: 19/19 MP: 0/0
   200 | D:1      | Reached XP level 2. HP: 22/27 MP: 1/1
   372 | D:1      | Found a snail-covered altar of Cheibriados.
   916 | D:2      | Reached XP level 3. HP: 29/33 MP: 2/2
  1036 | D:2      | Reached XP level 4. HP: 35/40 MP: 3/3
  1339 | D:3      | Reached skill level 5 in Shields
  2074 | D:4      | Reached XP level 5. HP: 22/47 MP: 4/4
  2250 | D:4      | Found a sand-covered staircase.
  2269 | Ossuary  | Entered an ossuary
  2372 | Ossuary  | Gained mutation: You possess an exceptional clarity of
                  | mind. [potion of mutation]
  2372 | Ossuary  | Gained mutation: You are dopey. (Int -2) [potion of
                  | mutation]
  2372 | Ossuary  | Lost mutation: You are dopey. (Int -2) [potion of mutation]
  2372 | Ossuary  | Gained mutation: You expend magic power (3 MP) to
                  | strengthen your wands. [potion of mutation]
  2429 | Ossuary  | Reached XP level 6. HP: 32/55 MP: 5/5
  2456 | Ossuary  | Noticed a wraith
  2456 | Ossuary  | Noticed a flying skull
  2536 | Ossuary  | Noticed a flying skull
  2541 | Ossuary  | Reached skill level 5 in Armour
  2548 | Ossuary  | Noticed a flying skull
  2553 | Ossuary  | Noticed a wraith
  2560 | Ossuary  | Killed a wraith
  2560 | Ossuary  | Reached skill level 5 in Fighting
  2595 | Ossuary  | Noticed a flying skull
  2601 | Ossuary  | Noticed a wraith
  2615 | Ossuary  | Killed a wraith
  2615 | Ossuary  | Reached XP level 7. HP: 15/61 MP: 6/6
  2836 | Ossuary  | Noticed a flying skull
  3160 | D:4      | Reached skill level 5 in Axes
  3283 | D:4      | Noticed Eustachio
  3307 | D:3      | Upgraded the game from 0.23-b1-6-ga921848 to
                  | 0.23-b1-49-g13d5857
  3552 | D:4      | Killed Eustachio
  3672 | D:5      | Entered Level 5 of the Dungeon
  3709 | D:5      | Reached XP level 8. HP: 54/70 MP: 7/7
  5039 | D:6      | Found a sacrificial altar of Ru.
  5147 | D:6      | Noticed Menkaure
  5150 | D:6      | Noticed Blork the orc
  5154 | D:6      | Killed Menkaure
  5154 | D:6      | Reached XP level 9. HP: 52/79 MP: 8/8
  5160 | D:6      | Killed Blork the orc
  5756 | D:6      | Reached skill level 1 in Dodging
  5906 | D:7      | Reached skill level 1 in Evocations
  6060 | D:7      | Found a staircase to the Ecumenical Temple.
  6093 | Temple   | Entered the Ecumenical Temple
  6187 | Temple   | Became a worshipper of Warmaster Okawaru
  6272 | D:7      | Found Fuevyevo's Jewellery Boutique.
  6415 | D:7      | Found Oreodip's Distillery.
  6426 | D:7      | Bought 2 potions of heal wounds for 140 gold pieces
  6947 | D:7      | Found an ornate altar of the Wu Jian Council.
  6947 | D:7      | Found a white marble altar of Elyvilon.
  6954 | D:7      | Found a radiant altar of Vehumet.
  6961 | D:7      | Found a shimmering altar of Xom.
  6962 | D:7      | Found a sparkling altar of Nemelex Xobeh.
  7065 | D:8      | Reached * piety under Okawaru
  7294 | D:8      | Noticed a hellwing
  7313 | D:8      | Killed a hellwing
  7313 | D:8      | Reached XP level 10. HP: 77/90 MP: 11/11
  7325 | D:8      | Reached ** piety under Okawaru
  7334 | D:8      | Reached skill level 1 in Invocations
  7769 | D:8      | Found a bloodstained altar of Trog.
  7956 | D:8      | Reached *** piety under Okawaru
  8253 | D:8      | Reached skill level 5 in Dodging
  8294 | D:8      | Noticed a three-headed hydra
  8299 | D:8      | Killed a one-headed hydra
  8299 | D:8      | Reached **** piety under Okawaru
  8301 | D:8      | Reached XP level 11. HP: 81/99 MP: 13/13
  8474 | D:8      | Found a staircase to the Lair.
  8924 | D:9      | You fall through a shaft!
  8924 | D:10     | Entered Level 10 of the Dungeon
  9263 | D:9      | Reached ***** piety under Okawaru
  9690 | D:10     | Noticed Erolcha
  9696 | D:10     | Killed Erolcha
  9696 | D:10     | Received a gift from Okawaru
  9696 | D:10     | Reached skill level 10 in Fighting
  9696 | D:10     | Reached skill level 5 in Evocations
 10057 | D:10     | Found a staircase to the Orcish Mines.
 10107 | D:10     | Reached skill level 10 in Armour
 10316 | D:11     | Noticed a purple ugly thing
 10317 | D:11     | Noticed a green ugly thing
 10340 | D:10     | Killed a green ugly thing
 10352 | D:11     | Killed a red ugly thing
 10851 | D:11     | Reached skill level 10 in Shields
 10891 | D:11     | Noticed a two-headed ogre
 10899 | D:11     | Killed a two-headed ogre
 10905 | D:11     | Received a gift from Okawaru
 10905 | D:11     | Reached skill level 10 in Axes
 10940 | D:11     | Identified a +1 pair of boots of running (Okawaru gifted it
                  | to you on level 11 of the Dungeon)
 11002 | D:11     | Reached skill level 5 in Invocations
 11003 | D:11     | Killed an unseen horror
 11261 | D:12     | Reached XP level 12. HP: 94/107 MP: 15/15
 11466 | D:12     | Found Voshrov's Magic Scroll Shop.
 11489 | D:12     | Bought a scroll of fear for 49 gold pieces
 11489 | D:12     | Bought a scroll of teleportation for 42 gold pieces
 11489 | D:12     | Bought a scroll of enchant weapon for 105 gold pieces
 11785 | D:12     | Noticed a four-headed hydra
 11800 | D:12     | Killed a one-headed hydra
 12569 | D:13     | Noticed a four-headed hydra
 12588 | D:13     | Killed a one-headed hydra
 12838 | D:13     | Noticed a centaur warrior
 12847 | D:13     | Killed a centaur warrior
 12853 | D:13     | You fall through a shaft!
 12883 | D:14     | Reached ****** piety under Okawaru
 12991 | D:14     | Found Cianod's Antique Weapon Emporium.
 12998 | D:14     | Bought a steaming hand axe for 200 gold pieces
 12998 | D:14     | Identified the cursed +0 hand axe of Disorder {venom, rN+
                  | Dex+7} (You bought it in a shop on level 14 of the Dungeon)
 13027 | D:14     | Noticed a six-headed hydra
 13047 | D:14     | Killed a three-headed hydra
 13048 | D:14     | Received a gift from Okawaru
 13251 | D:14     | Noticed a two-headed ogre
 13261 | D:14     | Killed a two-headed ogre
 13505 | D:14     | Noticed a five-headed hydra
 13506 | D:14     | Noticed a centaur warrior
 13513 | D:14     | Noticed an ironheart preserver
 13514 | D:14     | Killed a five-headed hydra
 13519 | D:14     | Killed a centaur warrior
 13519 | D:14     | Reached XP level 13. HP: 53/116 MP: 16/18
 13527 | D:14     | Killed an ironheart preserver
 13967 | D:14     | Found a gate to the Vaults.
 14355 | D:13     | Got a dazzling plate armour
 14366 | D:13     | Identified the cursed +1 plate armour of Repno {rF+ Int+4
                  | Slay+2} (You found it on level 13 of the Dungeon)
 14482 | D:14     | Received a gift from Okawaru
 14495 | D:14     | Got a pair of faintly glowing gloves {god gift}
 14501 | D:14     | Identified the +1 pair of gloves of the Maze {Dex+2 Slay-3
                  | SInv} (Okawaru gifted it to you on level 14 of the Dungeon)
 14916 | D:15     | Entered Level 15 of the Dungeon
 14968 | D:15     | Found a radiant altar of Vehumet.
 14980 | D:15     | Noticed Nessos
 15057 | D:15     | Killed Nessos
 15234 | D:15     | Found a portal to a secret trove of treasure.
 15739 | D:15     | Found a staircase to the Depths.
 15739 | D:15     | Noticed a frost giant
 15749 | D:15     | Killed a frost giant
 16367 | Lair:1   | Entered Level 1 of the Lair of Beasts
 16493 | Lair:1   | Received a gift from Okawaru
 17915 | Lair:2   | Reached XP level 14. HP: 122/126 MP: 20/20
 18306 | Lair:2   | Noticed Sonja
 18311 | Lair:2   | Killed Sonja
 18588 | Lair:3   | Reached skill level 10 in Evocations
 18716 | Lair:3   | Received a gift from Okawaru
 18719 | Lair:3   | Identified the +6 ring mail "Fuunio" {+Fly rC+ Str-4}
                  | (Okawaru gifted it to you on level 3 of the Lair of Beasts)
 18894 | Lair:3   | Found the +8 whip "Snakebite" {curare, rPois}
 19178 | Lair:3   | Found a staircase to the Shoals.
 20363 | Lair:4   | Received a gift from Okawaru
 20552 | Lair:4   | Found a hole to the Spider Nest.
 20826 | Lair:5   | Identified the Handbook of Creative Conjuration
 21091 | Lair:5   | Found a runed translucent gate.
 21092 | Lair:5   | Found a runed translucent gate.
 21093 | Lair:5   | Found a runed translucent gate.
 21095 | Lair:5   | Noticed Bolunijamo's ghost (journeyman GnFi)
 21300 | Lair:5   | Reached skill level 10 in Dodging
 21587 | Lair:6   | Entered Level 6 of the Lair of Beasts
 21686 | Lair:6   | Reached XP level 15. HP: 112/134 MP: 22/22
 21699 | Lair:6   | Received a gift from Okawaru
 21730 | Lair:6   | Got a pitted cloak {god gift}
 21760 | Lair:6   | Found a dark tunnel.
 21782 | Volcano  | Entered a volcano
 22342 | Volcano  | Found a burning altar of Makhleb.
 22549 | Volcano  | Identified the +0 cloak "Honeocw" {+Blink rN+ Int+2}
                  | (Okawaru gifted it to you on level 6 of the Lair of Beasts)
 22664 | Lair:6   | Found a staircase to the Slime Pits.
 22668 | Lair:6   | Found a viscous altar of Jiyva.
 24232 | Lair:6   | Received a gift from Okawaru
 24264 | Lair:6   | Got a bone longbow {god gift}
 24265 | Lair:6   | Identified the +7 longbow of Supply {freeze, rElec rPois
                  | Dex+3} (Okawaru gifted it to you on level 6 of the Lair of
                  | Beasts)
 24601 | Orc:1    | Entered Level 1 of the Orcish Mines
 24858 | Orc:1    | Noticed Maurice
 24912 | Orc:1    | Killed Maurice
 25165 | Orc:2    | Entered Level 2 of the Orcish Mines
 25345 | Orc:2    | Found Qoinorea's General Store.
 25347 | Orc:2    | Found Ucou's General Store.
 25363 | Orc:2    | Reached skill level 1 in Bows
 25991 | Orc:2    | Found a staircase to the Elven Halls.
 26183 | Orc:2    | Gained mutation: You are partially covered in iridescent
                  | scales. (AC +2) [a neqoxec]
 26194 | Orc:2    | Received a gift from Okawaru
 26354 | Orc:2    | Reached XP level 16. HP: 145/145 MP: 23/23
 26363 | Orc:2    | Found Voyl's Antique Weapon Shop.
 26363 | Orc:2    | Found Maudosmu's Gadget Boutique.
 26363 | Orc:2    | Found a one-way gate leading to the halls of Pandemonium.
 26797 | Shoals:1 | Entered Level 1 of the Shoals
 26797 | Shoals:1 | Found a runed translucent gate.
 26797 | Shoals:1 | Found a runed translucent gate.
 27239 | Shoals:1 | Found a runed translucent gate.
 27239 | Shoals:1 | Noticed Roxanne
 27242 | Shoals:1 | Noticed Heezod's ghost (journeyman MiBe)
 27242 | Shoals:1 | Noticed a kraken
 27444 | Shoals:1 | Noticed Louise
 27451 | Shoals:1 | Cast into level 2 of the Abyss (Louise)
 27451 | Abyss:2  | Found a corrupted altar of Lugonu.
 27476 | Abyss:2  | Found a corrupted altar of Lugonu.
 27600 | Abyss:2  | Received a gift from Okawaru
 27601 | Abyss:2  | Got a shimmering hand axe {god gift}
 27864 | Abyss:3  | Identified Jiveeriz's Incunabulum of Evil Magic
 27953 | Abyss:3  | Found a corrupted altar of Lugonu.
 27957 | Abyss:3  | Noticed a tentacled starspawn
 28037 | Abyss:3  | Noticed a bone dragon
 28173 | Abyss:3  | Noticed a tentacled starspawn
 28194 | Shoals:1 | Escaped the Abyss
 29052 | Shoals:1 | Identified the +5 hand axe "Ukehemm" {venom, Str+4}
                  | (Okawaru gifted it to you on level 2 of the Abyss)
 29344 | Shoals:2 | Received a gift from Okawaru
 29344 | Shoals:2 | Noticed a kraken
 29559 | Shoals:2 | Received a gift from Okawaru
 29562 | Shoals:2 | Got a dazzling hat {god gift}
 29594 | Shoals:2 | Identified the +2 hat of Kobrer {rN++} (Okawaru gifted it
                  | to you on level 2 of the Shoals)
 29719 | Shoals:2 | Reached skill level 5 in Bows
 30261 | Shoals:2 | Reached skill level 15 in Shields
 30873 | Shoals:2 | Killed a kraken
 31210 | Shoals:1 | Noticed a kraken
 31219 | Shoals:1 | Killed a kraken
 31391 | Shoals:3 | Noticed Ilsuiw
 31422 | Shoals:3 | Found a gateway to a bazaar.
 31527 | Spider:1 | Entered Level 1 of the Spider Nest
 33723 | Spider:2 | Noticed Agnes
 33730 | Spider:2 | Killed Agnes
 33730 | Spider:2 | Reached XP level 17. HP: 138/154 MP: 21/24
 34594 | Spider:2 | Received a gift from Okawaru
 34606 | Spider:2 | Got a transparent cloak {god gift}
 34617 | Spider:2 | Identified the +0 cloak "Deuppi" {+Inv rPois rC+ Dex+6}
                  | (Okawaru gifted it to you on level 2 of the Spider Nest)
 35040 | Spider:3 | Noticed Jorgrun
 35067 | Spider:3 | Killed Jorgrun
 35344 | Spider:3 | Noticed Nikola
 35362 | Spider:3 | Killed Nikola
 35774 | Spider:3 | Noticed Arachne
 35817 | Spider:3 | Killed Arachne
 35817 | Spider:3 | Reached skill level 15 in Fighting
 36557 | Spider:4 | Entered Level 4 of the Spider Nest
 36758 | Spider:4 | Identified a scroll of acquirement
 36955 | Spider:4 | Reached skill level 15 in Armour
 37203 | Spider:4 | Reached skill level 15 in Axes
 37352 | Spider:4 | Received a gift from Okawaru
 37732 | Spider:4 | Received a gift from Okawaru
 37811 | Spider:4 | Got a gossamer rune of Zot
 38174 | Vaults:1 | Entered Level 1 of the Vaults
 38466 | Vaults:1 | Received a gift from Okawaru
 38477 | Vaults:1 | Reached XP level 18. HP: 115/166 MP: 25/25
 38479 | Vaults:1 | Received a gift from Okawaru
 39512 | Vaults:1 | Paralysed by an ogre mage for 6 turns
 40058 | Vaults:1 | Found Zis Argh's Weapon Shop.
 40398 | Vaults:2 | Found a large runed translucent door.
 40398 | Vaults:2 | Noticed abarbat's ghost (adept MiBe)
 40399 | Vaults:2 | Found a large runed translucent door.
 40557 | Vaults:2 | You fall through a shaft!
 40581 | Vaults:3 | Received a gift from Okawaru
 40587 | Vaults:3 | Paralysed by an ogre mage for 3 turns
 40592 | Vaults:3 | Received a gift from Okawaru
 40597 | Vaults:3 | Got a warped chain mail {god gift}
 40680 | Vaults:3 | Reached skill level 10 in Bows
 40807 | Vaults:3 | Found a ruined gateway.
 40967 | Desolati | Entered the Desolation of Salt
 41913 | Desolati | Reached XP level 19. HP: 164/174 MP: 26/26
 42693 | Desolati | Got a warped marble ring
 42695 | Desolati | Identified the ring "Dipebavi" {rElec rF+ MR+} (You found
                  | it in the Desolation of Salt)
 42698 | Desolati | Identified the Grimoire of Aerial Cold
 42768 | Desolati | Received a gift from Okawaru
 42786 | Desolati | Identified the Papyrus of Helpful Flames
 42848 | Desolati | Identified the Papyrus of Earth
 42886 | Desolati | Got an ancient mace
 43087 | Desolati | Got a slimy lapis lazuli ring
 43088 | Desolati | Identified the ring "Lefod" {+Blink MR+ Int+3} (You found
                  | it in the Desolation of Salt)
 43096 | Desolati | Identified the +8 mace of Vagesox {flame, +Inv rF+ rC-
                  | Dex+4} (You found it in the Desolation of Salt)
 43150 | Desolati | Got a glittering lapis lazuli ring
 43151 | Desolati | Identified the ring "Qymuzono" {Int+5 Slay+3} (You found it
                  | in the Desolation of Salt)
 43156 | Desolati | Identified the +5 short sword of Sunlight {pierce, rF++}
                  | (You found it in the Desolation of Salt)
 43451 | Vaults:3 | Identified the +1 long sword of Butchery {slice, +Inv
                  | rPois} (You found it on level 3 of the Vaults)
 44010 | Vaults:2 | Found Ymocu's Jewellery Shop.
 44010 | Vaults:2 | Found Siwav's Armour Shop.
 44042 | Vaults:2 | Reached skill level 15 in Dodging
 44091 | Vaults:2 | Found Nouhosee's Antique Armour Shop.
 44241 | Vaults:2 | Noticed a bone dragon
 44255 | Vaults:2 | Killed a bone dragon
 44256 | Vaults:2 | Found a staircase to the Crypt.
 44271 | Vaults:2 | Noticed Frederick
 44281 | Vaults:2 | Killed Frederick
 44281 | Vaults:2 | Received a gift from Okawaru
 44535 | Vaults:2 | Found an iron altar of Okawaru.
 44547 | Vaults:2 | Upgraded the game from 0.23-b1-49-g13d5857 to
                  | 0.23-b1-58-ge3fafae
 45058 | Vaults:3 | Reached XP level 20. HP: 111/187 MP: 27/27
 46463 | Vaults:4 | Received a gift from Okawaru
 46883 | Vaults:4 | Found the +8 glaive of the Guard {elec, +Rage AC+5 SInv}
 47452 | Vaults:4 | Noticed Xtahua
 47462 | Vaults:4 | Killed Xtahua
 48039 | Elf:1    | Entered Level 1 of the Elven Halls
 48174 | Elf:1    | Received a gift from Okawaru
 48208 | Elf:1    | Received a gift from Okawaru
 48219 | Elf:1    | Reached XP level 21. HP: 116/198 MP: 29/29
 48237 | Elf:1    | Identified the +10 hand axe "Ecuces" {chop, rElec rN+}
                  | (Okawaru gifted it to you on level 1 of the Elven Halls)
 49054 | Elf:2    | Received a gift from Okawaru
 49167 | Elf:2    | Found a runed translucent door.
 49191 | Elf:2    | Found a runed translucent door.
 49229 | Elf:3    | Entered Level 3 of the Elven Halls
 49248 | Elf:3    | Received a gift from Okawaru
 49396 | Elf:3    | Found a runed translucent door.
 49397 | Elf:3    | Noticed Kaobra's ghost (adept GnWz)
 49622 | Elf:3    | Identified the Compendium of Freezing Beguiling
 50821 | Elf:3    | Received a gift from Okawaru
 51156 | Elf:3    | Received a gift from Okawaru
 51720 | Elf:3    | Received a gift from Okawaru
 51946 | Elf:3    | Received a gift from Okawaru
 52282 | Elf:3    | Identified the +4 scale mail of Precision Catastrophes {rN+
                  | Str+6} (You found it on level 3 of the Elven Halls)
 52286 | Elf:3    | Identified the Volume of Captivating Intoxication
 52296 | Elf:3    | Identified the +5 pair of gloves of Boikagim {rElec Regen+
                  | Int+8} (You found it on level 3 of the Elven Halls)
 52348 | Elf:3    | Identified the +1 dagger of Hospitality {freeze, Int+2}
                  | (You found it on level 3 of the Elven Halls)
 52351 | Elf:3    | Identified the +1 scale mail of Servitude {Int+6} (You
                  | found it on level 3 of the Elven Halls)
 52358 | Elf:3    | Identified the +2 plate armour "Yseuhumy" {Str-4 Dex+6
                  | Slay+2} (You found it on level 3 of the Elven Halls)
 52911 | Depths:1 | Entered Level 1 of the Depths
 53116 | Depths:1 | Found a huge runed gate.
 53116 | Depths:1 | Found a huge runed gate.
 53116 | Depths:1 | Found a huge runed gate.
 53116 | Depths:1 | Found a huge runed gate.
 53116 | Depths:1 | Found a huge runed gate.
 53116 | Depths:1 | Found a huge runed gate.
 53117 | Depths:1 | Found a huge runed gate.
 53118 | Depths:1 | Found a huge runed gate.
 53119 | Depths:1 | Found a huge runed gate.
 53123 | Depths:1 | Found a huge runed gate.
 53131 | Depths:1 | Found a huge runed gate.
 53132 | Depths:1 | Found a huge runed gate.
 53132 | Depths:1 | Found a huge runed gate.
 53132 | Depths:1 | Found a huge runed gate.
 53133 | Depths:1 | Found a huge runed gate.
 53133 | Depths:1 | Found a huge runed gate.
 53133 | Depths:1 | Found a huge runed gate.
 53134 | Depths:1 | Found a huge runed gate.
 53134 | Depths:1 | Found a huge runed gate.
 53181 | Depths:1 | Found a huge runed gate.
 53181 | Depths:1 | Found a huge runed gate.
 53182 | Depths:1 | Found a huge runed gate.
 53182 | Depths:1 | Found a huge runed gate.
 53195 | Depths:1 | Found a huge runed gate.
 53199 | Depths:1 | Found a huge runed gate.
 53204 | Depths:1 | Found a huge runed gate.
 53204 | Depths:1 | Found a huge runed gate.
 53204 | Depths:1 | Found a huge runed gate.
 53204 | Depths:1 | Found a huge runed gate.
 53204 | Depths:1 | Found a huge runed gate.
 53204 | Depths:1 | Found a huge runed gate.
 53204 | Depths:1 | Found a huge runed gate.
 53232 | Depths:1 | Identified the +1 faerie dragon scales {rCorr Dex+4 SInv}
 53232 | Depths:1 | Noticed the Enchantress
 53241 | Depths:1 | Reached XP level 22. HP: 146/211 MP: 27/31
 53263 | Depths:1 | Killed the Enchantress
 53263 | Depths:1 | Received a gift from Okawaru
 53546 | Depths:1 | Found a huge runed gate.
 53596 | Depths:1 | Found a gateway to Hell.
 53693 | Depths:1 | Found a gateway to a ziggurat.
 53724 | Depths:1 | Found a one-way gate to the infinite horrors of the Abyss.
 53812 | Depths:2 | Found Wustralyu's Jewellery Shop.
 53908 | Depths:2 | Received a gift from Okawaru
 54281 | Depths:2 | Found a gateway to a bazaar.
 56529 | Depths:3 | Noticed a golden dragon
 56547 | Depths:3 | Killed a golden dragon
 56547 | Depths:3 | Received a gift from Okawaru
 57134 | Depths:4 | Received a gift from Okawaru
 58183 | Depths:4 | Noticed a juggernaut
 58624 | Depths:4 | Noticed a golden dragon
 58646 | Depths:4 | Killed a golden dragon
 58646 | Depths:4 | Reached skill level 15 in Evocations
 59155 | Depths:4 | Reached XP level 23. HP: 209/223 MP: 33/33
 59339 | Depths:4 | Got a pair of encrusted boots
 59356 | Depths:4 | Killed a juggernaut
 59404 | Depths:4 | Identified the Collected Works on the Escort
 59479 | Depths:3 | Identified the +1 pair of boots of Deuluwoo {rElec} (You
                  | found it on level 4 of the Depths)
 60084 | Depths:2 | Identified the +1 glaive of Infection {venom, *Rage +Rage
                  | rPois} (You found it on level 2 of the Depths)
 60741 | Depths:5 | Entered Level 5 of the Depths
 60821 | Depths:5 | Received a gift from Okawaru
 60872 | Depths:5 | Noticed a caustic shrike
 60885 | Depths:5 | Killed a caustic shrike
 60897 | Depths:5 | Found a gate to the Realm of Zot.
 61293 | Depths:4 | Upgraded the game from 0.23-b1-58-ge3fafae to
                  | 0.23-b1-67-g8bd44de
 61316 | Depths:5 | Identified the ring "Wolounim" {rF+ rN++ Int-5 Dex+5}
 61365 | Depths:5 | Identified the Grimoire of Parts Unknown
 61394 | Depths:5 | Noticed a caustic shrike
 61407 | Depths:5 | Killed a caustic shrike
 61424 | Depths:5 | Received a gift from Okawaru
 61615 | Depths:5 | Received a gift from Okawaru
 62326 | Depths:5 | Reached skill level 1 in Slings
 62805 | Shoals:1 | Killed Roxanne
 62805 | Shoals:1 | Received a gift from Okawaru
 62931 | Shoals:3 | Identified the +2 robe of Listlessness {*Contam rElec
                  | Int+10 Stlth-}
 63094 | Shoals:2 | Killed Ilsuiw
 64474 | Shoals:4 | Entered Level 4 of the Shoals
 65061 | Shoals:4 | Reached XP level 24. HP: 198/235 MP: 33/33
 65073 | Shoals:4 | Reached skill level 5 in Slings
 65135 | Shoals:4 | Got a barnacled rune of Zot
 66663 | Shoals:1 | Killed Heezod's ghost
 66682 | Shoals:1 | Got a vibrating ivory ring
 66683 | Shoals:1 | Identified the ring of Circularity {+Blink +Inv rF+ rC-
                  | Str-4} (You found it on level 1 of the Shoals)
 67153 | Depths:2 | Identified the amulet "Xibootant" {Spirit rF+ rC+} (You
                  | found it on level 2 of the Depths)
 67352 | Vaults:2 | Received a gift from Okawaru
 67374 | Vaults:2 | Killed abarbat's ghost
 67382 | Vaults:2 | Identified the +7 broad axe of Woanu {flame, *Noise +Inv
                  | SInv} (Okawaru gifted it to you on level 2 of the Vaults)
 67420 | Vaults:2 | Identified Sif Muna's Almanac of Frigorific Moulding
 68480 | Vaults:5 | Entered Level 5 of the Vaults
 68497 | Vaults:5 | Noticed an ancient lich
 68511 | Vaults:5 | Received a gift from Okawaru
 68532 | Vaults:4 | Killed an ancient lich
 68705 | Vaults:5 | Got a shimmering war axe {god gift}
 68714 | Vaults:5 | Received a gift from Okawaru
 68721 | Vaults:5 | Noticed an ancient lich
 68772 | Vaults:4 | Killed an ancient lich
 68795 | Vaults:4 | Identified the +7 war axe of Tomorrow {elec, rPois SInv}
                  | (Okawaru gifted it to you on level 5 of the Vaults)
 68819 | Vaults:5 | Reached skill level 10 in Slings
 68838 | Vaults:5 | Identified the +5 scale mail "Rocrien" {rF+ rN+} (You found
                  | it on level 5 of the Vaults)
 68929 | Vaults:5 | Noticed an ancient lich
 68938 | Vaults:5 | Noticed an ancient lich
 68941 | Vaults:5 | Killed an ancient lich
 68941 | Vaults:5 | Received a gift from Okawaru
 68950 | Vaults:5 | Killed an ancient lich
 68989 | Vaults:5 | Received a gift from Okawaru
 68992 | Vaults:5 | Identified the +0 pair of boots of the Past {rF+} (Okawaru
                  | gifted it to you on level 5 of the Vaults)
 69003 | Vaults:5 | Noticed an ancient lich
 69012 | Vaults:5 | Killed an ancient lich
 69012 | Vaults:5 | Reached XP level 25. HP: 247/247 MP: 33/33
 69018 | Vaults:5 | Noticed Boris
 69030 | Vaults:5 | Killed Boris
 69193 | Vaults:5 | Identified Geowk's Incunabulum of Excruciating Dark Magic
 69229 | Vaults:5 | Identified the ring of the Iron Devil {rF+ rC+ Str+4} (You
                  | found it on level 5 of the Vaults)
 69559 | Vaults:5 | Got a silver rune of Zot
 69729 | Vaults:5 | Identified the +1 pair of boots "Ammun" {+Fly MP-9 Str+9
                  | Slay+3} (You found it on level 5 of the Vaults)
 70015 | Vaults:5 | Received a gift from Okawaru
 70489 | Zot:1    | Entered Level 1 of the Realm of Zot
 70489 | Zot:1    | Noticed an orb of fire
 70507 | Zot:1    | Gained mutation: Your body sometimes deteriorates upon
                  | taking damage. [an orb of fire]
 70513 | Zot:1    | Killed an orb of fire
 70513 | Zot:1    | Received a gift from Okawaru
 70787 | Zot:1    | Received a gift from Okawaru
 71241 | Zot:2    | Received a gift from Okawaru
 71247 | Zot:2    | Got an ancient broad axe {god gift}
 71248 | Zot:2    | Identified the +4 broad axe of Niwkihan {freeze, Dex+3}
                  | (Okawaru gifted it to you on level 2 of the Realm of Zot)
 71649 | Zot:2    | Reached XP level 26. HP: 227/260 MP: 30/33
 71766 | Zot:2    | Received a gift from Okawaru
 75246 | Zot:4    | Reached skill level 15 in Slings
 75613 | Zot:4    | Received a gift from Okawaru
 75802 | Zot:5    | Entered Level 5 of the Realm of Zot
 75922 | Zot:5    | Received a gift from Okawaru
 76114 | Zot:5    | Received a gift from Okawaru
 76278 | Zot:5    | Received a gift from Okawaru
 76465 | Zot:5    | Noticed an orb of fire
 76468 | Zot:5    | Noticed an orb of fire
 76514 | Zot:5    | Noticed an ancient lich
 76529 | Zot:5    | Killed an ancient lich
 76566 | Zot:5    | Noticed an orb of fire
 76640 | Zot:5    | Gained mutation: You are dopey. (Int -2) [an orb of fire]
 76650 | Zot:5    | Gained mutation: Your body often deteriorates upon taking
                  | damage. [an orb of fire]
 76658 | Zot:5    | Killed an orb of fire
 76675 | Zot:5    | Killed an orb of fire
 76675 | Zot:5    | Reached XP level 27. HP: 246/271 MP: 24/33
 76761 | Zot:5    | Reached skill level 27 in Fighting
 76761 | Zot:5    | Noticed an ancient lich
 76765 | Zot:5    | Noticed an ancient lich
 76778 | Zot:5    | Killed an ancient lich
 76778 | Zot:5    | Reached skill level 27 in Armour
 76790 | Zot:5    | Killed an ancient lich
 76900 | Zot:5    | Received a gift from Okawaru
 76900 | Zot:5    | Gained mutation: Your spells are a little easier to cast,
                  | but a little less powerful. [an orb of fire]
 76910 | Zot:5    | Killed an orb of fire
 76944 | Zot:5    | Received a gift from Okawaru
 77014 | Zot:5    | Received a gift from Okawaru
 77372 | Zot:5    | Received a gift from Okawaru
 78213 | Vaults:3 | Identified the +5 chain mail of Huac {rN+ Int+4} (Okawaru
                  | gifted it to you on level 3 of the Vaults)
 78214 | Vaults:3 | Lost mutation: Your spells are a little easier to cast, but
                  | a little less powerful. [potion of mutation]
 78214 | Vaults:3 | Lost mutation: Your body often deteriorates upon taking
                  | damage. [potion of mutation]
 78214 | Vaults:3 | Gained mutation: You are partially covered in yellow
                  | scales. (AC +2) [potion of mutation]
 78214 | Vaults:3 | Lost mutation: You are dopey. (Int -2) [potion of mutation]
 78215 | Vaults:3 | Lost mutation: Your body sometimes deteriorates upon taking
                  | damage. [potion of mutation]
 78215 | Vaults:3 | Lost mutation: You expend magic power (3 MP) to strengthen
                  | your wands. [potion of mutation]
 78215 | Vaults:3 | Lost mutation: You possess an exceptional clarity of mind.
                  | [potion of mutation]
 78215 | Vaults:3 | Lost mutation: You are partially covered in iridescent
                  | scales. (AC +2) [potion of mutation]
 78215 | Vaults:3 | Gained mutation: You are frail. (-10% HP) [potion of
                  | mutation]
 78215 | Vaults:3 | Gained mutation: You have a pair of large horns on your
                  | head. [potion of mutation]
 78216 | Vaults:3 | Lost mutation: You are frail. (-10% HP) [potion of
                  | mutation]
 78216 | Vaults:3 | Lost mutation: You are partially covered in yellow scales.
                  | (AC +2) [potion of mutation]
 78216 | Vaults:3 | Lost mutation: You have a pair of large horns on your head.
                  | [potion of mutation]
 78216 | Vaults:3 | Gained mutation: Potions are less effective at restoring
                  | your health. [potion of mutation]
 78216 | Vaults:3 | Gained mutation: You have sharp toenails. [potion of
                  | mutation]
 78216 | Vaults:3 | Gained mutation: You are clumsy. (Dex -2) [potion of
                  | mutation]
 78216 | Vaults:3 | Gained mutation: You have a pair of large horns on your
                  | head. [potion of mutation]
 78217 | Vaults:3 | Lost mutation: You are clumsy. (Dex -2) [potion of
                  | mutation]
 78217 | Vaults:3 | Lost mutation: You have a pair of large horns on your head.
                  | [potion of mutation]
 78217 | Vaults:3 | Gained mutation: Scrolls take you a little longer to read.
                  | [potion of mutation]
 78217 | Vaults:3 | Gained mutation: Your magical capacity is low. (-10% MP)
                  | [potion of mutation]
 78217 | Vaults:3 | Gained mutation: You have razor-sharp toenails. [potion of
                  | mutation]
 78217 | Vaults:3 | Lost mutation: Your magical capacity is low. (-10% MP)
                  | [potion of mutation]
 78218 | Vaults:3 | Lost mutation: Scrolls take you a little longer to read.
                  | [potion of mutation]
 78218 | Vaults:3 | Gained mutation: You passively map a small area around you.
                  | [potion of mutation]
 78218 | Vaults:3 | Gained mutation: You expend magic power (3 MP) to
                  | strengthen your wands. [potion of mutation]
 78219 | Vaults:3 | Lost mutation: You have razor-sharp toenails. [potion of
                  | mutation]
 78219 | Vaults:3 | Lost mutation: You expend magic power (3 MP) to strengthen
                  | your wands. [potion of mutation]
 78219 | Vaults:3 | Lost mutation: You have sharp toenails. [potion of
                  | mutation]
 78219 | Vaults:3 | Gained mutation: You are dopey. (Int -2) [potion of
                  | mutation]
 78219 | Vaults:3 | Gained mutation: You are agile. (Dex +2) [potion of
                  | mutation]
 78276 | Vaults:5 | Lost mutation: You are agile. (Dex +2) [potion of mutation]
 78276 | Vaults:5 | Lost mutation: You are dopey. (Int -2) [potion of mutation]
 78276 | Vaults:5 | Gained mutation: Your spells are a little harder to cast,
                  | but a little more powerful. [potion of mutation]
 78276 | Vaults:5 | Gained mutation: You possess an exceptional clarity of
                  | mind. [potion of mutation]
 78839 | Zot:5    | Got the Orb of Zot
 78879 | Zot:5    | Gained mutation: You are somewhat resistant to further
                  | mutation. [a cacodemon]
 79230 | D:15     | Noticed Zos Imaxi the pandemonium lord
 79558 | D:6      | Noticed Doshraeh the pandemonium lord
 79756 | D:$      | Escaped with the Orb!

Skill      XL: |  1  2  3  4  5  6  7  8  9 10 11 12 13 14 15 16 17 18 19 20 21 22 23 24 25 26 27 |
---------------+----------------------------------------------------------------------------------+-----
Shields        | 4 5 6 7 9 10 11 12 13 15 16 | 16.1
Fighting       | 4 5 6 7 8 9 10 11 12 13 14 15 16 17 19 20 22 23 24 25 26 27 | 27.0
Axes           | 3 4 5 6 8 9 10 11 12 13 14 15 16 17 18 | 18.0
Armour         | 4 5 6 7 8 9 10 11 12 13 14 15 16 17 19 20 21 23 24 25 26 27 | 27.0
Dodging        | 3 5 6 7 9 10 11 12 13 14 15 16 17 | 17.1
Evocations     | 3 4 6 8 9 11 12 13 15 | 15.9
Invocations    | 3 5 6 7 8 9 |  9.2
Bows           | 2 5 8 10 11 | 11.0
Slings         | 4 10 13 16 19 | 19.1

Action                   |  1- 3 |  4- 6 |  7- 9 | 10-12 | 13-15 | 16-18 | 19-21 | 22-24 | 25-27 || total
-------------------------+-------+-------+-------+-------+-------+-------+-------+-------+-------++-------
Melee: War axe           |    92 |   122 |   260 |       |       |       |       |       |    18 ||   492
       Headbutt          |     8 |    21 |    57 |   107 |   334 |   392 |   469 |   612 |   488 ||  2488
       Battleaxe         |       |       |   106 |   262 |       |       |       |       |       ||   368
       Broad axe         |       |       |       |   229 |  1041 |  1278 |  1157 |  1703 |  1378 ||  6786
       Scimitar          |       |       |       |       |    29 |       |       |       |       ||    29
       Whip              |       |       |       |       |   143 |       |       |       |       ||   143
       Unarmed           |       |       |       |       |     3 |       |     1 |       |       ||     4
       Hand axe          |       |       |       |       |       |     9 |   262 |       |       ||   271
 Fire: Longbow           |       |       |       |       |       |     6 |       |       |       ||     6
Invok: Finesse           |       |       |       |       |       |       |       |     4 |     6 ||    10
       Heroism           |       |       |       |       |       |       |       |     4 |     5 ||     9
 Abil: Evoke Berserk Rag |       |       |       |     4 |     9 |     8 |     9 |     4 |       ||    34
       Evoke Invisibilit |       |       |       |       |       |     2 |       |     2 |       ||     4
       Evoke Blink       |       |       |       |       |       |       |       |       |     2 ||     2
Evoke: Wand              |       |       |       |     2 |    11 |     8 |     3 |    22 |     5 ||    51
       Lightning rod     |       |       |       |       |       |       |     2 |     5 |       ||     7
       Box of beasts     |       |       |       |       |       |       |     1 |       |       ||     1
       Fan of gales      |       |       |       |       |       |       |       |     1 |       ||     1
       Lamp of fire      |       |       |       |       |       |       |       |     1 |       ||     1
  Use: Scroll            |       |     5 |     1 |     2 |     8 |     8 |    13 |    13 |    15 ||    65
       Potion            |       |     8 |     7 |     2 |     5 |     5 |     2 |    11 |    12 ||    52
 Stab: Distracted        |       |       |       |       |       |     4 |       |     1 |     1 ||     6
       Invisible         |       |       |       |       |       |    11 |       |     4 |       ||    15
       Paralysed         |       |       |       |       |       |     2 |     4 |       |       ||     6
       Confused          |       |       |       |       |       |       |       |     1 |       ||     1
  Eat: Chunk             |       |     5 |    13 |    22 |    35 |    32 |    32 |    24 |    18 ||   181
       Ration            |       |       |     1 |       |     4 |     8 |     3 |     9 |     6 ||    31
Armor: Scale mail        |    48 |    37 |   153 |   220 |     6 |       |       |       |       ||   464
       Skin              |       |     9 |       |       |       |       |       |       |       ||     9
       Plate armour      |       |       |       |       |   435 |   563 |   308 |   505 |       ||  1811
       Crystal plate arm |       |       |       |       |       |       |       |   114 |   426 ||   540
       Gold dragon scale |       |       |       |       |       |       |       |       |   226 ||   226
Dodge: Dodged            |    29 |    49 |   228 |   356 |   675 |   867 |   531 |   904 |   546 ||  4185
Block: Shield            |    69 |    74 |   168 |   195 |   910 |  1092 |   695 |  1312 |   739 ||  5254
       Rpst.: Scimitar   |       |       |       |       |     5 |       |       |       |       ||     5
